AoeStats
← Minero

Arena

507377759Analyzed
3v3 RM · 13d ago on Sep 17, 2026· 46m 6s· 6 players
Game mode
Random Map
Map size
Normal (6 player)
Population
200
Speed
Normal
Resources
Standard
Victory
Conquest
Starting age
Dark Age
Ending age
Imperial Age
RankedLock teamsTeams togetherTeam positionsShared explorationLock speedFull tech treeHidden civsTurbo modeCheats
Victory
Defeat
🇦🇺 Poles · Australia
1316
+16
🇦🇷 Persians · Argentina
1309
+16
🇦🇷 Malians · Argentina
1292
+17
🇧🇷 Georgians · Brazil
1346
-17
🇧🇷 Magyars · Brazil
1332
-17
🇧🇷 Italians · Brazil
1281
-15
Lanzarote
5:07 Loom
11:39 Feudal Age
15:56 Castle Age
13:59 Double-Bit Axe
14:23 Horse Collar
17:36 Scale Mail Armor
19:08 Gold Mining
21:43 Bow Saw
25:52 Chain Mail Armor
27:02 Fletching
28:07 Gold Shaft Mining
33:38 Stone Mining
37:40 Imperial Age
37:49 Wheelbarrow
39:03 Hand Cart
40:51 Plate Mail Armor
43:11 Chemistry
42:29 Heavy Plow
42:56 Conscription
42:49 Bodkin Arrow
43:17 Ballistics
42:58 Murder Holes
43:50 Treadmill Crane
44:47 Padded Archer Armor
44:41 Arson
44:56 Squires
44:51 Elite Gbeto
45:35 Elite Skirmisher
46:20 Thumb Ring
Bubblegum_BTW
10:50 Feudal Age
14:43 Castle Age
12:55 Horse Collar
13:33 Double-Bit Axe
15:26 Heavy Plow
15:39 Bow Saw
17:38 Wheelbarrow
16:48 Loom
22:08 Hand Cart
22:53 Gold Mining
24:49 Town Watch
27:51 Imperial Age
25:18 Stone Mining
25:56 Scale Barding Armor
26:15 Fortified Wall
26:46 Stone Shaft Mining
28:11 Bloodlines
28:02 Husbandry
28:14 Forging
28:13 Cavalier
29:31 Iron Casting
29:49 Crop Rotation
29:37 Szlachta Privileges
30:01 Conscription
30:52 Chain Barding Armor
32:17 Blast Furnace
38:51 Fletching
40:29 Light Cavalry
44:40 Caravan
carton corrugado
10:21 Feudal Age
14:07 Castle Age
12:45 Double-Bit Axe
12:52 Horse Collar
24:32 Gold Mining
25:43 Bow Saw
30:13 Imperial Age
28:22 Heavy Plow
29:19 Bloodlines
29:38 Husbandry
30:31 Gold Shaft Mining
30:05 Scale Barding Armor
30:13 Heavy Camel Rider
31:14 Chain Barding Armor
32:40 Plate Barding Armor
33:18 Masonry
32:36 Capped Ram
33:37 Loom
34:54 Siege Ram
36:02 Forging
38:14 Chemistry
37:15 Fletching
37:42 Murder Holes
37:35 Light Cavalry
38:41 Conscription
38:31 Bodkin Arrow
39:13 Stone Mining
40:00 Wheelbarrow
39:25 Hussar
40:08 Padded Archer Armor
42:13 Iron Casting
43:32 Leather Archer Armor
43:38 Ballistics
42:57 Elite Skirmisher
Zantins
8:04 Loom
10:27 Feudal Age
14:10 Castle Age
12:23 Double-Bit Axe
12:53 Horse Collar
16:00 Bow Saw
21:01 Heavy Plow
22:51 Wheelbarrow
22:02 Loom
23:32 Gold Mining
27:46 Imperial Age
25:40 Fletching
26:39 Gold Shaft Mining
25:54 Stone Mining
26:32 Bodkin Arrow
26:37 Padded Archer Armor
27:09 Hand Cart
26:39 Town Watch
27:16 Ballistics
26:39 Treadmill Crane
27:20 Ballistics
28:09 Leather Archer Armor
28:03 Husbandry
28:13 Bloodlines
28:26 Thumb Ring
29:21 Parthian Tactics
29:00 Bracer
30:19 Two-Man Saw
30:42 Ring Archer Armor
30:28 Heavy Cavalry Archer
32:26 Scale Barding Armor
33:59 Recurve Bow
34:35 Conscription
34:55 Chain Barding Armor
35:48 Chemistry
35:01 Masonry
34:46 Murder Holes
37:24 Plate Barding Armor
36:59 Corvinian Army
38:05 Crop Rotation
37:15 Elite Magyar Huszar
40:06 Town Patrol
Minero
10:25 Feudal Age
14:33 Castle Age
12:37 Double-Bit Axe
13:16 Horse Collar
14:04 Gold Mining
18:24 Bow Saw
21:55 Wheelbarrow
22:04 Fervor
24:46 Heavy Plow
25:04 Hand Cart
27:44 Stone Mining
27:53 Loom
31:05 Imperial Age
29:39 Town Watch
29:18 Pikeman
29:59 Squires
30:02 Scale Mail Armor
30:13 Forging
31:19 Chain Mail Armor
31:11 Scale Barding Armor
31:18 Scale Barding Armor
31:11 Elite Monaspa
32:12 Conscription
31:49 Guard Tower
31:44 Arrowslits
31:35 Halberdier
33:16 Chain Barding Armor
32:58 Arson
34:16 Conscription
35:06 Aznauri Cavalry
35:36 Chain Mail Armor
36:07 Iron Casting
36:12 Fortified Wall
35:53 Guard Tower
36:25 Ballistics
37:32 Fletching
38:07 Murder Holes
40:49 Chemistry
41:18 Bodkin Arrow
41:56 Plate Mail Armor
42:44 Bodkin Arrow
43:54 Block Printing
RodrigoSuga
8:34 Loom
10:40 Feudal Age
14:28 Castle Age
19:25 Wheelbarrow
21:59 Redemption
35:39 Horse Collar
40:52 Double-Bit Axe
41:10 Heavy Plow
42:38 Fortified Wall
43:08 Ballistics
43:52 Bow Saw
44:28 Hand Cart
Connection lost

Rejoining the realm…

Still unreachable

The connection could not be restored.

Session expired

The server has moved on; the page needs a fresh start.